 Dungeon Crawl Stone Soup version 0.23-a0-629-gae4348f (webtiles) character file.

40 Lanoc the Sneak (level 3, -1/16 HPs)
             Began as a Spriggan Ice Elementalist on Dec 25, 2018.
             Was a Follower of Makhleb.
             Slain by a jelly (2 damage)
             ... on level 2 of the Dungeon.
             The game lasted 00:02:29 (990 turns).

Lanoc the Sneak (Spriggan Ice Elementalist)          Turns: 990, Time: 00:02:30

Health: -1/16      AC:  2    Str:  4    XL:     3   Next: 30%
Magic:  5/8        EV: 19    Int: 17    God:    Makhleb [*.....]
Gold:   41         SH:  0    Dex: 16    Spells: 6/7 levels left

rFire    . . .     SeeInvis +   b - +0 dagger
rCold    . . .     Gourm    .   (shield restricted)
rNeg     . . .     Faith    .   a - +0 robe
rPois    .         Spirit   .   (helmet restricted)
rElec    .         Reflect  .   (no cloak)
rCorr    .         Harm     .   (gloves unavailable)
MR       .....                  (boots unavailable)
Stlth    +++.......             (no amulet)
HPRegen  0.05/turn              (no ring)
MPRegen  0.11/turn              (no ring)

@: very quick
A: very small, unfitting armour, see invisible, herbivore, speed 3, slow
metabolism 2
a: Renounce Religion


You were on level 2 of the Dungeon.
You worshipped Makhleb.
Makhleb was aware of your devotion.
You were not hungry.

You visited 1 branch of the dungeon, and saw 2 of its levels.

You collected 41 gold pieces.

Inventory:

Hand Weapons
 b - a +0 dagger (weapon)
Armour
 a - a +0 robe (worn)
Scrolls
 e - a scroll of noise {unknown}
 g - a scroll of identify {unknown}
 h - 2 scrolls of amnesia {unknown}
 i - a scroll of teleportation {unknown}
 k - a scroll of fog {unknown}
Potions
 d - a potion of lignification {unknown}
 f - a potion of heal wounds {unknown}
 j - a potion of might {unknown}
 l - a potion of haste {unknown}
Comestibles
 c - 3 rations


   Skills:
 + Level 1.7 Short Blades
 + Level 4.0 Dodging
 + Level 4.2 Stealth
 - Level 2.6 Spellcasting
   Level 0.6 Conjurations
 - Level 2.4 Ice Magic


You had 6 spell levels left.
You knew the following spells:

 Your Spells              Type           Power        Failure   Level  Hunger
a - Freeze                Ice            ##..         7%          1    #......

Your spell library contained the following spells:

 Spells                   Type           Power        Failure   Level  Hunger
 Throw Frost              Conj/Ice       #.....       14%         2    ##.....
 Ozocubu's Armour         Chrm/Ice       #.......     32%         3    ###....
 Throw Icicle             Conj/Ice       #.......     67%         4    #####..
 Summon Ice Beast         Ice/Summ       #.......     73%         4    #####..


Dungeon Overview and Level Annotations

Branches:
Dungeon (2/15)

Altars:
Makhleb


Innate Abilities, Weirdness & Mutations

You are very small and have problems with some larger weapons.
You are too small for most types of armour.
You have supernaturally acute eyesight. (SInv)
You are a herbivore.
You cover ground extremely quickly.
You need to consume almost no food.


Message History

The jelly hits you.
You are splashed with acid!
The acid burns!
Ouch! That really hurt!
* * * LOW HITPOINT WARNING * * *
Casting: Freeze (safe; 7% risk of failure)
Confirm with . or Enter, or press ? or * to list all spells.
Aiming: Freeze (safe; 7% risk of failure)
Press: ? - help, Shift-Dir - straight line, f/p - jelly
Aim: a jelly (lightly wounded)
You freeze the jelly.
The jelly is heavily wounded.
The jelly misses you.
Casting: Freeze (safe; 7% risk of failure)
Confirm with . or Enter, or press ? or * to list all spells.
Aiming: Freeze (safe; 7% risk of failure)
Press: ? - help, Shift-Dir - straight line, f/p - jelly
Aim: a jelly (heavily wounded)
You freeze the jelly.
The jelly is severely wounded.
The jelly hits you.
You die...

###.###.##.#...#####)##.##.#
.#.#_#.#...###### #.......#
#.###.####......# #.......#
### ###....####.## ##.......
# #.###.........# .....## #
#.......####..### .....# #
##......# ......# ###### ###
#.####.# #J.#.# ..# #.
#.##.#.@#.# #.# #
..........# #.# #.##.####.#
#.# ..##.####.# #.#
..##......# #.# #####..# ..#
#.## ### #.# # #.#


You could see a jelly.

Vanquished Creatures
  2 adders (D:2)
  An ooze (D:1)
  A leopard gecko (D:1)
  A bat (D:1)
  A giant cockroach (D:2)
  5 goblins
  A hobgoblin (D:2)
  2 kobolds (D:1)
  A quokka (D:2)
  2 frilled lizards
  A rat (D:2)
18 creatures vanquished.

Notes
Turn   | Place    | Note
-------+----------+-------------------------------------------
     0 | D:1      | Lanoc the Spriggan Ice Elementalist began the quest for the
                  | Orb.
     0 | D:1      | Reached XP level 1. HP: 9/9 MP: 5/5
   133 | D:1      | Reached skill level 1 in Short Blades
   133 | D:1      | Reached XP level 2. HP: 4/13 MP: 0/6
   871 | D:2      | Reached XP level 3. HP: 16/16 MP: 4/8
   921 | D:2      | Found a faded altar of an unknown god.
   923 | D:2      | Became a worshipper of Makhleb the Destroyer
   923 | D:2      | Reached * piety under Makhleb
   990 | D:2      | Slain by a jelly

Vault maps used:
D:1:      erik_arrival_blinker_ship, chequers_mini_garden
D:2:      chequers_ecumenical_altar_twisty, uniq_jessica

Skill      XL: |  1  2  3 |
---------------+----------+-----
Short Blades   | 1 |  1.7
Stealth        | 4 |  4.2
Dodging        | 4 |  4.0
Spellcasting   | |  2.6
Conjurations   | |  0.6
Ice Magic      | |  2.4

Action                   || total
-------------------------++-------
Melee: Dagger            ||    30
 Cast: Freeze            ||    28
 Stab: Sleeping          ||     2
Armor: Robe              ||     2
Dodge: Dodged            ||    36

Table legend:
 A = Non-vault XP
 B = Vault XP
 C = Vault XP percentage of total XP
 D = Non-vault monster count
 E = Vault monster count
 F = Vault count percentage of total count
                 A         B        C        D         E       F
            +---------+---------+-------+---------+---------+-------
      Total |      58 |       0 |   0.0 |      18 |       0 |   0.0
            +---------+---------+-------+---------+---------+-------
        D:1 |      23 |       0 |   0.0 |      10 |       0 |   0.0
        D:2 |      35 |       0 |   0.0 |       8 |       0 |   0.0
            +---------+---------+-------+---------+---------+-------
